 Dungeon Crawl Stone Soup version 0.30.1-11-g7821555f0a (webtiles) character file.

Game seed: 5656066556090012809

2089 KittyFluff the Covered (level 9, -3/76 (82) HPs)
             Began as a Gargoyle Berserker on Nov 3, 2023.
             Was an Elder of Trog.
             Slain by an orc warrior
             ... wielding a +0 broad axe
              (7 damage)
             ... in a bailey.
             The game lasted 00:31:46 (7757 turns).

KittyFluff the Covered (Gargoyle Berserker)         Turns: 7757, Time: 00:31:47

HP:   -3/76 (82)    AC: 15    Str: 25    XL:     9   Next: 27%
MP:   9/9           EV: 11    Int:  8    God:    Trog [****..]
Gold: 193           SH:  4    Dex:  9    Spells: 8/8 levels left

rFire   . . .        a - +0 mace
rCold   . . .        l - +0 buckler
rNeg    + . .        u - +0 ring mail of Suum {Regen+}
rPois   ∞            A - +0 helmet
rElec   +            (no cloak)
rCorr   .            B - +0 pair of gloves
SInv    .            (no boots)
Will    .....        (no amulet) Stlth
                     (no ring)
HPRegen 1.12/turn    (no ring)
MPRegen 0.11/turn

%: no passive effects
@: berserking, drained, very quick
A: sickness immunity, AC +6, negative energy resistance 1, electricity
resistance, torment resistance 1, petrification resistance
a: Renounce Religion, Berserk, Trog's Hand, Brothers in Arms


You were in a bailey.
You worshipped Trog.
Trog was greatly pleased with you.
You visited 1 branch of the dungeon, and saw 7 of its levels.
You also visited: Sewer and Bailey.

You collected 472 gold pieces.
You spent 279 gold pieces at shops.

Inventory:

Hand Weapons
 a - a +0 mace (weapon)
 q - a +0 sling
 t - a +4 quarterstaff
 C - a +0 morningstar
Missiles
 j - 2 atropa-tipped darts
 x - 2 boomerangs of dispersal (quivered)
 F - 8 poisoned darts
Armour
 l - a +0 buckler (worn)
 p - a +0 leather armour
 u - the +0 ring mail of Suum (worn) {Regen+}
   (You bought it in a shop on level 2 of the Dungeon)

   Regen:     It increases your rate of health regeneration.
 A - a +0 helmet (worn)
 B - a +0 pair of gloves (worn)
Wands
 i - a wand of flame (28)
 m - a wand of iceblast (21)
 D - a wand of polymorph (8)
Scrolls
 b - a scroll of summoning
 d - 3 scrolls of blinking
 e - 4 scrolls of teleportation {unknown}
 f - 3 scrolls of fear {unknown}
 k - 3 scrolls of magic mapping
 o - 2 scrolls of poison
 v - 2 scrolls of fog
 y - 4 scrolls of brand weapon {unknown}
 G - a scroll of vulnerability {unknown}
Potions
 c - 4 potions of mutation
 g - 3 potions of curing
 h - 2 potions of flight
 n - a potion of attraction
 r - a potion of degeneration {unknown}
 s - a potion of magic
 w - a potion of ambrosia {unknown}
 z - a potion of lignification {unknown}
 E - a potion of berserk rage {unknown}


   Skills:
 + Level 6.0 Fighting
 * Level 7.0 Maces & Flails
 * Level 7.3 Armour
 + Level 4.0 Dodging
 + Level 4.5 Shields


You had 8 spell levels left.
You didn't know any spells.
Your spell library was empty.

Dungeon Overview and Level Annotations

Branches:
Dungeon (7/15)             Temple (0/1) D:7           Sewer (visited)
 Bailey (1/1)

Altars:
Ashenzari
Dithmenos
Fedhas
Gozag
Hepliaklqana
Kikubaaqudgha
Nemelex Xobeh
Okawaru
Sif Muna
Vehumet
Wu Jian
Xom

Shops:
D:2 [


Innate Abilities, Weirdness & Mutations

You are immune to sickness and miasma.
Your stone body is resilient. (AC +6)
You are immune to poison.
You resist negative energy. (rN+)
You are resistant to electric shocks. (rElec)
You are resistant to unholy torment.
You are immune to petrification.


Message History

The orc warrior hits you with a +0 war axe.
You hit the orc warrior.
The orc warrior is moderately wounded.
The orc warrior hits you with a +0 broad axe.
The orc warrior hits you with a +0 war axe.
A red film seems to cover your vision as you go berserk!
You feel yourself moving faster!
You feel mighty!
The orc warrior hits you with a +0 broad axe.
You block the orc warrior's attack.
You hit the orc warrior but do no damage.
The orc warrior is moderately wounded.
The orc warrior hits you with a +0 broad axe!
You barely miss the orc warrior.
The orc warrior is moderately wounded.
The orc warrior hits you but does no damage.
The orc warrior splashes around in the water.
You barely miss the orc warrior.
The orc warrior is moderately wounded.
The orc warrior hits you but does no damage.
You closely miss the orc warrior.
The orc warrior is moderately wounded.
The orc warrior splashes around in the water.
The orc warrior hits you with a +0 war axe.
You thump the orc warrior!
The orc warrior is heavily wounded.
You block the orc warrior's attack.
You thump the orc warrior!
The orc warrior is severely wounded.
The orc warrior hits you with a +0 war axe!
* * * LOW HITPOINT WARNING * * *
The orc warrior hits you with a +0 broad axe!
* * * LOW HITPOINT WARNING * * *
You closely miss the orc warrior.
The orc warrior is severely wounded.
The orc warrior hits you with a +0 war axe.
* * * LOW HITPOINT WARNING * * *
You hit the orc warrior.
The orc warrior is almost dead.
The orc warrior hits you with a +0 broad axe!
You die...

.....≈≈≈≈~.# .....≈≈≈≈~.#
####.≈≈≈≈~.# #≈≈≈≈≈~.#
#≈≈≈≈≈### #≈≈≈≈≈#..
#≈≈≈≈≈#... #≈≈≈≈≈#
#..############### #≈≈≈≈≈#
#..'o@...........+
#≈≈≈≈≈######o~~~~~~~~~~~~###
#≈≈≈≈≈≈≈≈≈≈≈≈≈≈≈≈≈≈≈≈≈≈≈≈≈≈≈
#≈≈≈≈≈≈≈≈≈≈≈≈≈≈≈≈≈≈≈≈≈≈≈≈≈≈≈
#≈≈≈≈≈≈≈≈≈≈≈≈≈≈≈≈≈≈≈≈≈≈≈≈≈≈≈
#≈≈≈≈≈≈≈≈≈≈≈≈≈≈≈≈≈≈≈≈≈≈≈≈≈≈≈
#≈≈≈≈≈≈≈≈≈≈≈≈≈≈≈≈≈≈≈≈≈≈≈≈≈≈≈
#≈≈≈≈≈≈≈≈≈≈≈≈≈≈≈≈≈≈≈≈≈≈≈≈≈≈≈
#≈≈≈≈≈≈≈≈≈≈≈≈≈≈≈≈≈≈≈≈≈≈≈≈≈≈≈


You could see 2 orc warriors.

Vanquished Creatures
  A water moccasin (D:6)
  3 sky beasts (D:6)
  3 ogres
  2 centaurs
  A kobold brigand (D:6)
  5 bullfrogs
  2 scorpions
  A wight (D:6)
  An electric eel (Bailey)
  3 hounds
  3 orc priests
  A gnoll bouda (D:3)
  A sleepcap (D:6)
  An iguana (D:6)
  3 orc wizards
  Robin (D:3)
  8 gnolls
  11 adders
  A shadow imp (D:6)
  A white imp (D:5)
  2 ufetubi
  2 worms
  3 dart slugs
  13 orcs
  6 endoplasms
  10 giant cockroaches
  20 goblins
  10 hobgoblins
  2 jackals (D:2)
  12 kobolds
  12 quokkas
  11 ball pythons
  2 bats
  18 frilled lizards
  5 rats
181 creatures vanquished.

Notes
Turn   | Place    | Note
-------+----------+-------------------------------------------
     0 | D:1      | KittyFluff the Gargoyle Berserker began the quest for the
                  | Orb.
     0 | D:1      | Reached XP level 1. HP: 14/14 MP: 1/1
   195 | D:1      | Reached XP level 2. HP: 18/19 MP: 2/2
   765 | D:2      | Reached XP level 3. HP: 23/23 MP: 3/3
   816 | D:2      | Reached ** piety under Trog
  1251 | D:2      | Found a faded altar of an unknown god.
  1291 | D:2      | Reached XP level 4. HP: 28/29 MP: 4/4
  1309 | D:2      | Found Ituacavi's Antique Armour Boutique.
  1516 | D:3      | Noticed Robin
  1840 | D:3      | Noticed an ogre
  1849 | D:3      | Killed an ogre
  1850 | D:3      | Reached skill level 1 in Shields
  1850 | D:3      | Reached XP level 5. HP: 22/33 MP: 5/5
  1860 | D:3      | Found a transporter.
  1866 | D:3      | Found a transporter.
  1893 | D:3      | Found a glowing drain.
  1924 | Sewer    | Entered a sewer
  2044 | Sewer    | Reached *** piety under Trog
  2257 | Sewer    | Reached XP level 6. HP: 38/38 MP: 6/6
  2309 | Sewer    | Identified the staff of conjuration "Anuke" {rC+}
  2826 | D:3      | Killed Robin
  3298 | D:4      | Found a hazy altar of Hepliaklqana.
  3300 | D:4      | Found a faded altar of an unknown god.
  3309 | D:4      | Reached XP level 7. HP: 32/44 MP: 7/7
  3394 | D:4      | Found a shimmering blue altar of Sif Muna.
  3635 | D:3      | HP: 1/44 [electric eel/bolt of electricity (2)]
  3917 | D:3      | HP: 2/44 [electric eel/bolt of electricity (3)]
  4059 | D:4      | Reached skill level 5 in Maces & Flails
  4178 | D:4      | Reached **** piety under Trog
  4186 | D:4      | Reached skill level 5 in Armour
  4798 | D:4      | Reached XP level 8. HP: 30/48 MP: 8/8
  5107 | D:2      | Bought a bloodstained ring mail for 279 gold pieces
  5107 | D:2      | Identified the +0 ring mail of Suum {Regen+} (You bought it
                  | in a shop on level 2 of the Dungeon)
  5150 | D:5      | Entered Level 5 of the Dungeon
  5239 | D:5      | Found a broken altar of Ashenzari.
  5249 | D:5      | Reached skill level 5 in Fighting
  5252 | D:5      | Found an ancient bone altar of Kikubaaqudgha.
  5314 | D:5      | Found an ornate altar of the Wu Jian Council.
  5317 | D:5      | Found a radiant altar of Vehumet.
  6203 | D:6      | Found a blossoming altar of Fedhas.
  7035 | D:6      | Reached XP level 9. HP: 15/55 MP: 9/9
  7176 | D:6      | Found a blossoming altar of Fedhas.
  7266 | D:6      | Found an opulent altar of Gozag.
  7339 | D:6      | Found a shadowy altar of Dithmenos.
  7340 | D:6      | Found a shimmering altar of Xom.
  7341 | D:6      | Found a sparkling altar of Nemelex Xobeh.
  7342 | D:6      | Found an iron altar of Okawaru.
  7526 | D:7      | Found a staircase to the Ecumenical Temple.
  7641 | D:7      | Found a flagged portal.
  7648 | Bailey   | Entered a bailey
  7756 | Bailey   | HP: 3/76 [orc warrior/+0 war axe (5)]
  7757 | Bailey   | Slain by an orc warrior

Illustrated notes

Levels and vault maps discovered:
D:1:      onia_arrival_mini_spirals, layout_loops_ring, minmay_box_of_dots
D:2:      layout_basic, serial_shops, nicolae_shop_behind_doors,
          ebering_ecumenical_altar_abandoned
D:3:      gammafunk_steamed_eel, layout_rooms, portal_sewer_entry_f,
          skrybe_limestone_x, uniq_robin
D:4:      layout_loops_cross, beargit_hepliaklqana_dungeon_heroes,
          kennysheep_orc_sif_temple
D:5:      layout_basic, grunt_temple_overflow_cloverleaf, serial_curves,
          eino_curves_02, eino_curves_04, roderic_st_hans_cross, st_stairs_13
D:6:      layout_loops_ring, nicolae_gozag_seed_capital,
          fedhas_bush_and_centaur_altar, mainiacjoe_overflow_alcove_3,
          minmay_ruined_shrine
D:7:      layout_basic, minmay_temple_entry_offerings, enter_bailey_3,
          serial_shops, nicolae_shop_advertising_works
          [nicolae_subvault_shop_adworks], corexii_checkpoint_b,
          grunt_ministairs_1, hangedman_decor_riveting
Bailey:   bailey_axe_of_yendor_kennysheep, bailey

Skill      XL: |  1  2  3  4  5  6  7  8  9 |
---------------+----------------------------+-----
Dodging        | 2 3 4 |  4.0
Armour         | 3 4 5 6 7 |  7.3
Fighting       | 4 5 6 |  6.0
Maces & Flails | 4 5 6 7 |  7.0
Shields        | 1 2 4 |  4.5

Action                     |  1- 3 |  4- 6 |  7- 9 || total
---------------------------+-------+-------+-------++-------
  Melee: Mace              |    99 |   303 |   440 ||   842
 Invoke: Berserk           |       |     5 |     2 ||     7
    Use: Scroll            |       |     3 |     7 ||    10
         Potion            |       |     1 |     3 ||     4
 Armour: Animal skin       |    22 |   105 |       ||   127
         Leather armour    |       |    41 |   151 ||   192
         Ring mail         |       |       |    32 ||    32
  Dodge: Dodged            |    73 |   198 |   235 ||   506
  Block: Buckler           |       |    48 |    94 ||   142
